 Dungeon Crawl Stone Soup version 0.27-a0-412-g8dd771eca2 (webtiles) character file.

Game seed: 9439144850444709275

204049 HoaS the Marksghoul (level 18, -2/155 HPs)
             Began as a Ghoul Gladiator on Feb 21, 2021.
             Was a High Priest of Okawaru.
             Killed from afar by Roxanne (43 damage)
             ... with a crystal spear
             ... on level 4 of the Shoals on Feb 23, 2021.
             The game lasted 01:37:50 (34992 turns).

HoaS the Marksghoul (Ghoul Gladiator)              Turns: 34992, Time: 01:37:51

Health: -2/155     AC: 32    Str: 21    XL:     18   Next: 63%
Magic:  0/24       EV: 11    Int:  6    God:    Okawaru [*****.]
Gold:   2746       SH:  0    Dex: 15    Spells: 17/17 levels left

rFire    . . .     SeeInvis .   w - +6 longbow (flame)
rCold    + . .     Faith    .   (shield currently unavailable)
rNeg     + + +     Spirit   +   L - +2 crystal plate armour
rPois    ∞         Reflect  .   b - +1 helmet
rElec    +         Harm     .   x - scarf {repulsion}
rCorr    .         Rampage  .   z - +1 pair of gloves {archery}
Will     +++..                  B - +0 pair of boots "Baehyt Dapo" {rElec Regen+ Int+3}
Stlth    ..........             I - amulet of guardian spirit
HPRegen  0.00/turn              p - ring of willpower
MPRegen  0.19/turn              o - ring of willpower

@: heroism, finesse, repel missiles
A: claws 1, cold resistance 1, negative energy resistance 3, inhibited
regeneration, torment resistance, unbreathing
}: 1/15 runes: gossamer
a: Renounce Religion, Heroism, Finesse


You were on level 4 of the Shoals.
You worshipped Okawaru.
Okawaru was extremely pleased with you.
You visited 6 branches of the dungeon, and saw 32 of its levels.
You also visited: Ice Cave.

You collected 3061 gold pieces.
You spent 315 gold pieces at shops.

Inventory:

Hand Weapons
 w - a +6 longbow of flaming (weapon)
Missiles
 c - 7 throwing nets
 i - 826 arrows (quivered ammo)
Armour
 b - a +1 helmet (worn)
 x - a scarf of repulsion (worn)
 z - a +1 pair of gloves of archery (worn)
 B - the +0 pair of boots "Baehyt Dapo" (worn) {rElec Regen+ Int+3}
   (Okawaru gifted it to you on level 3 of the Lair of Beasts)

   It affects your intelligence (+3).
   It insulates you from electricity.
   It increases your rate of regeneration.
 L - a +2 crystal plate armour (worn)
Jewellery
 d - the ring of Democracy {Ice Dex+5 Stlth-}
   (You found it in an ice cave)

   [ring of ice]

   It enhances your ice magic.
   It affects your dexterity (+5).
   It makes you vulnerable to fire.
   It protects you from cold.
   It makes you less stealthy.
 j - a ring of see invisible
 l - a ring of flight
 m - a +4 ring of evasion
 o - a ring of willpower (right hand)
 p - a ring of willpower (left hand)
 y - a +4 ring of evasion
 I - an amulet of guardian spirit (around neck)
 J - a ring of protection from cold
 K - a +4 ring of protection
 N - a +4 ring of slaying
 P - a ring of willpower
 Q - a +4 ring of slaying
 R - a ring of ice
Wands
 k - a wand of acid (9)
 A - a wand of digging (10)
 E - a wand of mindburst (17)
 H - a wand of paralysis (7)
Scrolls
 a - 2 scrolls of blinking
 e - 12 scrolls of teleportation
 h - 8 scrolls of identify
 q - 5 scrolls of fog
 u - 4 scrolls of magic mapping
 v - 2 scrolls of fear
Potions
 f - 4 potions of flight
 g - 18 potions of curing
 s - 5 potions of attraction
 t - a potion of might
 C - 3 potions of ambrosia
 D - a potion of resistance
 F - a potion of cancellation
 G - 3 potions of haste
 M - 3 potions of invisibility
 O - 2 potions of heal wounds


   Skills:
 - Level 12.3(17.3) Fighting
 + Level 19.0(24.0) Bows
 - Level 1.7(6.7) Throwing
 - Level 10.4(15.4) Armour
 - Level 10.7(15.7) Dodging
 - Level 15.1(20.1) Unarmed Combat
 - Level 9.5 Invocations


You had 17 spell levels left.
You didn't know any spells.
Your spell library contained the following spells:

 Spells                   Type           Power        Failure   Level
 Magic Dart               Conj           0%           100%        1
 Sting                    Tmut/Pois      0%           100%        1
 Poisonous Vapours        Pois/Air       0%           100%        2
 Searing Ray              Conj           0%           100%        2
 Conjure Flame            Conj/Fire      0%           100%        3
 Dazzling Flash           Conj/Hex       0%           100%        3
 Ignite Poison            Fire/Tmut/Pois 0%           100%        3
 Mephitic Cloud           Conj/Pois/Air  0%           100%        3
 Fulminant Prism          Conj/Hex       0%           100%        4
 Iskenderun's Mystic Bla  Conj/Tloc      0%           100%        4
 Olgreb's Toxic Radiance  Pois           0%           100%        4
 Summon Ice Beast         Ice/Summ       0%           100%        4
 Metabolic Englaciation   Hex/Ice        0%           100%        5
 Freezing Cloud           Conj/Ice/Air   0%           100%        6
 Simulacrum               Ice/Necr       0%           100%        6
 Ozocubu's Refrigeration  Ice            0%           100%        7
 Tornado                  Air            0%           100%        9
 Beastly Appendage        Tmut           Unusable     N/A         1
 Wereblood                Tmut           Unusable     N/A         2
 Spider Form              Tmut/Pois      Unusable     N/A         3
 Ice Form                 Ice/Tmut       Unusable     N/A         4
 Blade Hands              Tmut           Unusable     N/A         5

Dungeon Overview and Level Annotations

Branches:
Dungeon (15/15)            Temple (1/1) D:7            Lair (6/6) D:8
 Shoals (4/4) Lair:3       Spider (4/4) Lair:4        Slime (0/5) Lair:5
    Orc (2/2) D:10            Elf (0/3) Orc:2        Vaults (0/5) D:14
 Depths (0/5) D:15          IceCv (visited)

Altars:
Ashenzari
Cheibriados
Dithmenos
Elyvilon
Fedhas
Gozag
Hepliaklqana
Kikubaaqudgha
Makhleb
Nemelex Xobeh
Okawaru
Qazlal
Ru
Sif Muna
Trog
Uskayaw
Vehumet
Wu Jian
Xom
Yredelemnul
Zin
The Shining One
Jiyva

Shops:
Orc:2 (=[!*

Annotations:
D:15 2 runed translucent doors, Roeh's ghost, adept MiBe
Shoals:4 Roxanne
Spider:2 2 transporters, exclusion: ice statue, Catiddof's ghost, adept TrMo


Innate Abilities, Weirdness & Mutations

You thrive by killing the living.
You are immune to poison.
You have sharp fingernails.
Your flesh is cold resistant. (rC+)
You are immune to negative energy. (rN+++)
You do not regenerate when monsters are visible.
You are immune to unholy pain and torment.
You can survive without breathing.


Message History

Fire: 830 arrows
Press: ? - help, Q - select action, (/) - cycle Shift-Dir - straight line, f/p - Roxanne
Aim: Roxanne (heavily damaged, 98% to hit)
You shoot an arrow. The arrow hits Roxanne!!
Roxanne is severely damaged.
You hear a splash.
Fire: 829 arrows
Press: ? - help, Q - select action, (/) - cycle Shift-Dir - straight line, f/p - Roxanne
Aim: Roxanne (severely damaged, 98% to hit)
You shoot an arrow.
The arrow hits Roxanne but does no damage.
Roxanne is severely damaged.
You hear a splash.
Fire: 828 arrows
Press: ? - help, Q - select action, (/) - cycle Shift-Dir - straight line, f/p - Roxanne
Aim: Roxanne (severely damaged, 98% to hit)
You shoot an arrow.
The arrow hits Roxanne but does no damage.
Roxanne is severely damaged.
You hear a splash.
Fire: 827 arrows
Press: ? - help, Q - select action, (/) - cycle Shift-Dir - straight line, f/p - Roxanne
Aim: Roxanne (severely damaged, 98% to hit)
You shoot an arrow. The arrow hits Roxanne!!
The arrow burns Roxanne.
Roxanne is almost destroyed.
Roxanne casts a spell.
The bolt of magma hits you!!!
Fire: 826 arrows
Press: ? - help, Q - select action, (/) - cycle Shift-Dir - straight line, f - you Really target yourself?
Okay, then.
You are engulfed in a cloud of scalding steam.
You are engulfed in a cloud of scalding steam.
Roxanne casts a spell.
You blink.
Roxanne mumbles some strange words.
The crystal spear is repelled.
Roxanne mumbles some strange words.
The crystal spear hits you!!!
You die...

≈≈≈≈≈≈≈≈≈≈≈≈≈≈≈≈≈≈≈
≈≈≈≈≈≈≈≈≈≈≈≈≈≈≈≈≈≈≈≈≈≈
≈≈≈≈≈≈≈≈≈≈≈≈≈≈≈≈≈≈≈≈≈≈
≈≈≈≈≈≈≈≈≈≈≈≈≈≈≈≈≈≈≈≈≈≈
≈≈≈≈≈≈≈≈≈≈≈≈≈≈≈≈≈≈≈≈≈≈
≈≈≈≈≈≈≈.≈≈≈≈≈≈≈≈≈≈≈≈≈≈
≈≈≈≈≈....8≈§≈†≈≈≈≈≈≈≈≈
≈≈≈≈≈.....≈§≈≈†≈≈≈≈≈≈≈
≈≈≈≈...@..(≈≈≈≈≈≈≈≈≈≈≈
≈≈≈≈≈...(..≈≈≈≈≈≈≈≈≈≈≈
≈≈≈≈≈......≈≈≈≈≈≈≈≈≈≈≈
≈≈≈≈≈≈≈....≈≈≈≈≈≈≈≈≈≈≈
≈≈≈≈≈≈≈≈..≈≈≈≈≈≈≈≈≈≈≈≈
≈≈≈≈≈≈≈≈≈≈≈≈≈≈≈≈≈≈≈≈≈≈
≈≈≈≈≈≈≈≈≈≈≈≈≈≈≈≈≈≈≈≈
≈≈≈≈≈≈≈≈≈≈≈≈≈≈≈≈≈≈≈≈
≈≈≈≈≈≈≈≈≈≈≈≈≈≈≈


You could see Roxanne.

Vanquished Creatures
  Nikola (Shoals:2)
  Arachne (Spider:4)
  A titan (Shoals:3)
  Asterion (Spider:4)
  2 krakens
  Polyphemus (Shoals:2)
  A storm dragon (D:14)
  5 emperor scorpions
  2 frost giants
  2 orc warlords
  Louise (Shoals:2)
  5 ghost moths
  An ironheart preserver (D:14)
  3 entropy weavers
  2 ettins (D:14)
  2 merfolk impalers (Shoals:2)
  5 boulder beetles
  An ogre mage (D:15)
  6 catoblepae
  An alligator snapping turtle (Shoals:3)
  9 hydras
  Harold (D:11)
  4 centaur warriors
  4 merfolk avatars
  6 two-headed ogres
  19 death yaks
  A merfolk aquamancer (Shoals:2)
  The ghost of wakim the Destroyer, a journeyman DECj of Vehumet (Lair:1)
  2 tengu warriors (D:15)
  5 orc high priests
  Urug (Lair:6)
  Sonja (D:10)
  5 slime creatures
  4 skeletal warriors (D:13)
  An unseen horror (D:13)
  3 sea snakes
  A glowing orange brain (D:14)
  3 deep elf zephyrmancers (Orc:2)
  8 deep elf pyromancers
  4 orc knights
  5 orc sorcerers
  13 wolf spiders
  An orb spider (shapeshifter) (D:14)
  4 fauns (Shoals:3)
  20 orb spiders
  6 merfolk sirens
  6 cyclopes
  A moth of wrath (Spider:4)
  14 manticores
  4 water nymphs
  2 centaur zombies
  2 naga magi (D:15)
  A torpor snail (Spider:4)
  A gargoyle (D:12)
  An ice statue (IceCv)
  5 black mambas
  14 cane toads
  4 rime drakes
  An efreet (D:14)
  10 komodo dragons
  7 demonic crawlers
  29 jumping spiders
  7 trolls
  17 polar bears
  2 harpy zombies (Shoals:1)
  6 hornets
  19 blink frogs
  15 merfolk
  A wind drake (Shoals:3)
  12 dream sheep
  A meliai zombie (D:14)
  3 snapping turtles
  88 yaks
  A shadow (D:13)
  Sigmund (D:6)
  58 redbacks
  A wraith (D:12)
  A centaur simulacrum (D:14)
  2 wyverns
  2 vampires
  19 tarantellas
  7 water elementals
  A yak (shapeshifter) (D:15)
  5 basilisks
  7 vampire mosquitoes
  2 wargs
  A swamp worm (Lair:1)
  An acid dragon (D:11)
  8 water moccasins
  An ice beast (D:12)
  2 sky beasts
  2 black bears
  A necrophage (D:15)
  39 orc warriors
  3 manticore zombies (Shoals:1)
  27 wolves
  3 phantoms
  15 ogres
  20 centaurs
  18 bullfrogs
  A wyvern zombie (D:14)
  2 scorpions
  2 wyvern skeletons
  9 killer bees
  3 howler monkeys (D:13)
  15 wights
  7 electric eels
  2 quasits
  6 hounds
  2 bullfrog zombies
  6 jellies
  16 orc priests
  2 bullfrog skeletons
  3 centaur skeletons
  3 iguanas
  21 orc wizards
  9 worker ants
  4 hell rats (Lair:6)
  A worker ant zombie (D:5)
  13 adders
  A howler monkey skeleton (D:4)
  A river rat (D:6)
  3 shadow imps
  12 white imps (Orc:2)
  2 oozes
  2 adder zombies
  2 worms
  A dart slug (D:3)
  7 leopard geckos
  89 orcs
  A ball python (D:5)
  A bat zombie (Shoals:1)
  4 giant cockroaches
  13 goblins
  15 hobgoblins
  7 jackals
  5 quokkas
  12 bats
  8 frilled lizards
  9 kobolds
  A quokka zombie (D:6)
  5 rats
  A tentacle (Shoals:2)
1026 creatures vanquished.

Vanquished Creatures (others)
  3 wights (D:9)
  An orc wizard (D:13)
  A bush (Lair:6)
  34 fungi
  54 plants
  11 tentacles
104 creatures vanquished.

Grand Total: 1130 creatures vanquished

Notes
Turn   | Place    | Note
-------+----------+-------------------------------------------
     0 | D:1      | HoaS the Ghoul Gladiator began the quest for the Orb.
     0 | D:1      | Reached XP level 1. HP: 17/17 MP: 0/0
   231 | D:1      | Reached XP level 2. HP: 16/24 MP: 1/1
  1145 | D:2      | Reached XP level 3. HP: 27/29 MP: 2/2
  1533 | D:2      | Reached skill level 5 in Unarmed Combat
  1648 | D:2      | You fall into a shaft and drop 2 floors!
  1674 | D:4      | Reached XP level 4. HP: 11/36 MP: 3/3
  2304 | D:3      | Reached XP level 5. HP: 40/41 MP: 4/4
  3304 | D:4      | Noticed a phantom
  3320 | D:4      | Killed a phantom
  3321 | D:4      | Reached XP level 6. HP: 22/48 MP: 5/5
  3724 | D:4      | Reached XP level 7. HP: 55/55 MP: 6/6
  3885 | D:5      | Entered Level 5 of the Dungeon
  4380 | D:6      | Reached skill level 10 in Unarmed Combat
  4387 | D:6      | Reached XP level 8. HP: 39/62 MP: 7/7
  4618 | D:5      | Reached skill level 1 in Bows
  4618 | D:5      | Reached skill level 1 in Armour
  4637 | D:6      | Noticed Sigmund
  4665 | D:6      | Killed Sigmund
  4872 | D:6      | Reached skill level 2 in Bows
  5129 | D:7      | Found a glowing silver altar of Zin.
  5189 | D:7      | Reached XP level 9. HP: 64/71 MP: 8/8
  5266 | D:7      | Found an ancient bone altar of Kikubaaqudgha.
  5584 | D:7      | Found a staircase to the Ecumenical Temple.
  5590 | Temple   | Entered the Ecumenical Temple
  5880 | Temple   | Became a worshipper of Warmaster Okawaru
  6144 | D:8      | Reached skill level 1 in Invocations
  6394 | D:8      | HP: 2/73 [orc warrior/+0 battleaxe (17)]
  6402 | D:8      | Reached skill level 5 in Fighting
  6419 | D:8      | Reached * piety under Okawaru
  6981 | D:8      | Found a staircase to the Lair.
  7243 | D:8      | Reached skill level 5 in Dodging
  7649 | D:8      | Reached XP level 10. HP: 63/83 MP: 10/10
  7761 | D:8      | Reached ** piety under Okawaru
  7794 | D:8      | Reached skill level 3 in Bows
  8282 | D:10     | Entered Level 10 of the Dungeon
  8293 | D:10     | Noticed Sonja
  8416 | D:10     | Killed Sonja
  8416 | D:10     | Reached *** piety under Okawaru
  8417 | D:10     | Reached skill level 5 in Armour
  8434 | D:10     | Received a gift from Okawaru
  8581 | D:10     | Reached skill level 4 in Bows
  8941 | D:10     | Noticed a two-headed ogre
  8958 | D:10     | Killed a two-headed ogre
  8959 | D:10     | Reached XP level 11. HP: 80/92 MP: 11/11
  9022 | D:10     | Reached **** piety under Okawaru
  9207 | D:10     | Found a staircase to the Orcish Mines.
  9440 | Lair:1   | Entered Level 1 of the Lair of Beasts
  9593 | Lair:1   | Noticed a death yak
  9593 | Lair:1   | Noticed a death yak
  9601 | Lair:1   | Noticed a death yak
  9618 | Lair:1   | Killed a death yak
  9623 | Lair:1   | Killed a death yak
  9624 | Lair:1   | Reached skill level 5 in Bows
  9635 | Lair:1   | Killed a death yak
  9635 | Lair:1   | Reached ***** piety under Okawaru
  9635 | Lair:1   | Received a gift from Okawaru
 10369 | Lair:1   | Found a runed translucent door.
 10372 | Lair:1   | Noticed a six-headed hydra
 10372 | Lair:1   | Noticed wakim's ghost (journeyman DECj)
 10753 | Lair:2   | Received a gift from Okawaru
 10831 | Lair:2   | You fall into a shaft and drop 1 floor!
 10861 | Lair:3   | Noticed a five-headed hydra
 10961 | Lair:2   | Reached XP level 12. HP: 83/103 MP: 13/13
 11315 | Lair:2   | Noticed a five-headed hydra
 11327 | Lair:2   | Killed a five-headed hydra
 11328 | Lair:2   | Reached skill level 6 in Bows
 11588 | Lair:2   | Noticed a five-headed hydra
 11612 | Lair:1   | Killed a five-headed hydra
 12677 | Lair:3   | Received a gift from Okawaru
 12680 | Lair:3   | Got a pair of polished boots {god gift}
 12681 | Lair:3   | Identified the +0 pair of boots "Baehyt Dapo" {rElec Regen+
                  | Int+3} (Okawaru gifted it to you on level 3 of the Lair of
                  | Beasts)
 12799 | Lair:3   | Killed a five-headed hydra
 12800 | Lair:3   | Reached skill level 5 in Invocations
 13063 | Lair:3   | Noticed a four-headed hydra
 13069 | Lair:3   | Killed a four-headed hydra
 13130 | Lair:3   | Found a staircase to the Shoals.
 13592 | Lair:4   | Reached skill level 7 in Bows
 13601 | Lair:4   | Reached XP level 13. HP: 103/113 MP: 16/16
 13767 | Lair:4   | Found a hole to the Spider Nest.
 13828 | Lair:4   | Reached skill level 10 in Fighting
 14531 | Lair:5   | Received a gift from Okawaru
 14582 | Lair:5   | Found a viscous altar of Jiyva.
 14582 | Lair:5   | Found a staircase to the Slime Pits.
 15344 | Lair:6   | Entered Level 6 of the Lair of Beasts
 15654 | Lair:6   | Noticed Urug
 15666 | Lair:6   | Killed Urug
 15747 | Lair:6   | Received a gift from Okawaru
 16153 | Lair:6   | Reached skill level 8 in Bows
 16217 | Lair:6   | Reached XP level 14. HP: 63/122 MP: 18/18
 17152 | Lair:5   | Received a gift from Okawaru
 17806 | Lair:1   | Killed wakim's ghost
 17811 | Lair:1   | Reached skill level 10 in Dodging
 17957 | D:10     | Received a gift from Okawaru
 17979 | D:11     | Noticed Harold
 18018 | D:10     | HP: 1/124 [boulder beetle (19)]
 18190 | D:11     | Killed Harold
 18463 | D:11     | Reached skill level 9 in Bows
 19082 | D:12     | Received a gift from Okawaru
 19142 | D:12     | Reached XP level 15. HP: 132/132 MP: 18/20
 19424 | D:12     | Received a gift from Okawaru
 20144 | Orc:1    | Entered Level 1 of the Orcish Mines
 20342 | Orc:1    | Noticed an orc warlord
 20422 | D:10     | Killed an orc warlord
 20423 | D:10     | Reached skill level 10 in Armour
 20760 | Orc:2    | Entered Level 2 of the Orcish Mines
 20801 | Orc:2    | Found Pizu's Antique Armour Shoppe.
 20879 | Orc:2    | Received a gift from Okawaru
 20903 | Orc:2    | Noticed an orc warlord
 20932 | Orc:2    | Killed an orc warlord
 20945 | Orc:2    | Found Enewur's General Store.
 20959 | Orc:2    | Found a frozen archway.
 21007 | IceCv    | Entered an ice cave
 21348 | IceCv    | Reached skill level 15 in Unarmed Combat
 21495 | IceCv    | Noticed a frost giant
 21516 | IceCv    | Reached ****** piety under Okawaru
 21531 | IceCv    | Killed a frost giant
 21538 | IceCv    | Received a gift from Okawaru
 21591 | IceCv    | Found the +18 shield of the Gong {rElec rN+ Will+ EV-5}
 21594 | IceCv    | Got a pitted brass ring
 21602 | IceCv    | Identified the Catalogue of Flight and the Snowflakes
 21607 | IceCv    | Identified the ring of Democracy {Ice Dex+5 Stlth-} (You
                  | found it in an ice cave)
 22106 | D:11     | Got a faintly glowing scale mail
 22107 | D:11     | Identified the +2 scale mail of Filaulu {Harm MP+9 Str+4}
                  | (You found it on level 11 of the Dungeon)
 22343 | Orc:2    | Found Hiashraub's Jewellery Shop.
 22349 | Orc:2    | Found a staircase to the Elven Halls.
 22406 | Orc:2    | Reached skill level 10 in Bows
 22716 | Orc:2    | Found Fonauv's Antique Weapon Emporium.
 23063 | Orc:2    | Found Widugy's Distillery.
 23384 | Orc:2    | Reached skill level 11 in Bows
 23423 | Orc:2    | Bought a scroll of enchant armour for 105 gold pieces
 23423 | Orc:2    | Bought a scroll of enchant weapon for 105 gold pieces
 23423 | Orc:2    | Bought a scroll of enchant weapon for 105 gold pieces
 23650 | D:13     | Received a gift from Okawaru
 23788 | D:13     | Received a gift from Okawaru
 23805 | D:13     | Reached XP level 16. HP: 90/140 MP: 17/22
 24216 | D:13     | Received a gift from Okawaru
 24862 | D:14     | Reached skill level 12 in Bows
 25025 | D:14     | Found a gate to the Vaults.
 25532 | D:14     | Noticed a storm dragon
 25549 | D:14     | Killed a storm dragon
 25561 | D:14     | Reached skill level 13 in Bows
 26281 | D:15     | Entered Level 15 of the Dungeon
 26639 | D:15     | Found a staircase to the Depths.
 26864 | D:15     | Noticed a lich
 26864 | D:15     | Noticed Roeh's ghost (adept MiBe)
 26907 | D:15     | Found a runed translucent door.
 26916 | D:15     | Found a runed translucent door.
 26929 | D:15     | Received a gift from Okawaru
 27361 | D:15     | Upgraded the game from 0.27-a0-401-gea03ee85fd to
                  | 0.27-a0-406-g23f261fbd2
 27634 | Spider:1 | Entered Level 1 of the Spider Nest
 27661 | Spider:1 | Reached skill level 14 in Bows
 27840 | Spider:1 | Found the +10 morningstar "Eos" {elec, Halo rElec}
 28700 | Spider:2 | Noticed Catiddof's ghost (adept TrMo)
 28767 | Spider:2 | Found a transporter.
 28791 | Spider:2 | Received a gift from Okawaru
 28803 | Spider:2 | Found a transporter.
 29252 | Spider:2 | Received a gift from Okawaru
 29253 | Spider:2 | Reached XP level 17. HP: 87/147 MP: 13/23
 29347 | Spider:2 | Reached skill level 15 in Bows
 30030 | Spider:2 | Received a gift from Okawaru
 30609 | Spider:3 | Received a gift from Okawaru
 30865 | Spider:4 | Entered Level 4 of the Spider Nest
 30865 | Spider:4 | Noticed Asterion
 30877 | Spider:4 | Killed Asterion
 30918 | Spider:4 | Reached skill level 16 in Bows
 31496 | Spider:4 | Noticed Arachne
 31548 | Spider:4 | Killed Arachne
 31549 | Spider:4 | Reached skill level 17 in Bows
 31729 | Spider:4 | Received a gift from Okawaru
 31803 | Spider:4 | Got a gossamer rune of Zot
 32604 | Shoals:1 | Entered Level 1 of the Shoals
 32953 | Shoals:1 | Reached XP level 18. HP: 147/155 MP: 22/24
 33279 | Shoals:2 | Received a gift from Okawaru
 33379 | Shoals:2 | Noticed Louise
 33397 | Shoals:2 | Killed Louise
 33495 | Shoals:2 | Received a gift from Okawaru
 33570 | Shoals:2 | Reached skill level 18 in Bows
 33581 | Shoals:2 | Noticed Nikola
 33594 | Shoals:2 | Killed Nikola
 33676 | Shoals:2 | You fall into a shaft and drop 1 floor!
 34013 | Shoals:2 | Noticed Polyphemus
 34050 | Shoals:2 | Killed Polyphemus
 34429 | Shoals:3 | Upgraded the game from 0.27-a0-406-g23f261fbd2 to
                  | 0.27-a0-412-g8dd771eca2
 34546 | Shoals:3 | Received a gift from Okawaru
 34815 | Shoals:3 | Noticed a titan
 34848 | Shoals:3 | Killed a titan
 34849 | Shoals:3 | Reached skill level 19 in Bows
 34934 | Shoals:4 | Entered Level 4 of the Shoals
 34934 | Shoals:4 | Identified Roxanne's Volume of Clay
 34934 | Shoals:4 | Noticed Roxanne
 34992 | Shoals:4 | Killed from afar by Roxanne

Illustrated notes

Levels and vault maps discovered:
D:1:      dpeg_arrival_yet_another_circle, layout_basic, minmay_domino_4
D:2:      minmay_angry_zag, layout_loops_ring
D:3:      layout_loops_corners, kennysheep_generic_room_3
D:4:      layout_rooms
D:5:      layout_cave_pools
D:6:      layout_rooms, portal_sewer_entry_a, serial_glass, glass_columns_a,
          glass_columns_a, glass_columns_b, glass_columns_a, glass_columns_a,
          glass_columns_a, minmay_ogre_servants, uniq_sigmund
D:7:      layout_loops_cross, lemuel_crystal_altar, minmay_temple_entry_hall,
          basic_altar
D:8:      layout_basic, lair_entry_dummy
D:9:      layout_rooms, lemuel_old_faithful
D:10:     layout_big_octagon, david_orc_4, uniq_sonja
D:11:     layout_rooms, kennysheep_boxes, uniq_harold
D:12:     layout_basic, grunt_decor_resistance
D:13:     layout_layer_cave
D:14:     kennysheep_large_spiral, layout_loops_ring,
          skrybe_vaults_entry_preservation, chequers_garden
D:15:     grunt_enter_depths_magical_seal, layout_grid_maze,
          muffindrake_ghost_dual_entry
Temple:   nicolae_temple_the_god_donut
Lair:1:   layout_roguey, ebering_ghost_inner_flame, worms_lemuel
Lair:2:   layout_layer_cave
Lair:3:   layout_chaotic_city, elwin_shoals_entry_stream
Lair:4:   layout_regular_city, spider_nest_entry_webs,
          infiniplex_staircase_pool_2
Lair:5:   layout_hall_layers, dpeg_slime_entry_enclosed_altar,
          lemuel_fruit_fields
Lair:6:   evilmike_catoblepas_cave, layout_regular_city, grunt_megastairs_4,
          uniq_urug
Shoals:1: layout_shoals, nicolae_shoals_undead_eyrie
Shoals:2: layout_shoals, uniq_nikola, uniq_polyphemus, uniq_louise
Shoals:3: cheibrodos_shoals_gigantism, layout_shoals
Shoals:4: shoals_end_hangedman, layout_shoals, uniq_aizul, uniq_roxanne
Spider:1: layout_spider_delve
Spider:2: layout_chambers, nzn_ghost_randoct, nicolae_spider_cling_ruins
Spider:3: layout_spider_delve, hangedman_spider_tarantella_strand
Spider:4: johnstein_spider_rune_arachne_lair, uniq_arachne, uniq_asterion
Orc:1:    layout_diamond_mine
Orc:2:    grunt_orc_gardens, layout_caves, grunt_orc_garden, grunt_orc_garden,
          grunt_orc_garden, grunt_orc_garden, portal_ice_cave_entry_imps,
          serial_shops, nicolae_shop_stone, elves_outpost_lemuel

Skill      XL: |  1  2  3  4  5  6  7  8  9 10 11 12 13 14 15 16 17 18 |
---------------+-------------------------------------------------------+-----
Unarmed Combat | 4 5 6 7 8 10 11 12 13 14 15 | 15.1
Bows           | 2 4 5 7 8 9 11 14 17 19 | 19.0
Armour         | 2 4 5 6 7 8 9 10 | 10.4
Dodging        | 4 5 6 7 8 9 10 | 10.7
Fighting       | 4 5 7 8 9 10 11 12 | 12.3
Invocations    | 2 3 5 7 9 |  9.5
Throwing       | |  1.7

Action                   |  1- 3 |  4- 6 |  7- 9 | 10-12 | 13-15 | 16-18 || total
-------------------------+-------+-------+-------+-------+-------+-------++-------
Melee: Unarmed           |   153 |   165 |   356 |   613 |  1549 |   552 ||  3388
       Punch             |     1 |     2 |     6 |    33 |   120 |    40 ||   202
       Longbow           |       |       |       |       |       |     2 ||     2
 Fire: Shortbow          |       |       |       |     8 |       |       ||     8
       Longbow           |       |       |       |       |   180 |   858 ||  1038
Throw: Throwing net      |       |       |       |     2 |     3 |       ||     5
Invok: Heroism           |       |       |       |     4 |    10 |     8 ||    22
       Finesse           |       |       |       |     1 |     7 |     7 ||    15
Evoke: Wand              |       |       |       |     4 |       |       ||     4
  Use: Scroll            |     4 |     9 |     5 |     6 |    15 |     9 ||    48
       Potion            |       |       |     4 |       |     4 |     2 ||    10
 Stab: Held in net/web   |       |       |       |     2 |     3 |       ||     5
Armor: Leather armour    |    17 |       |       |       |       |       ||    17
       Ring mail         |    20 |    18 |       |       |       |       ||    38
       Plate armour      |       |    57 |   167 |   220 |   480 |    19 ||   943
       Acid dragon scale |       |       |       |       |     4 |       ||     4
       Crystal plate arm |       |       |       |       |       |   737 ||   737
Dodge: Dodged            |    87 |    58 |   188 |   369 |  1310 |   548 ||  2560
       Repelled          |       |       |       |       |    16 |    12 ||    28

Table legend: (Time is in decaauts)
 A = Elapsed time spent in this place.
 B = Non-inter-level travel time spent in this place.
 C = Inter-level travel time spent in this place.
 D = Time resting spent in this place.
 E = Time spent auto-exploring this place.
 F = Levels seen in this place.
 G = Mean time per level.
                   A        B        C        D        E       F      G
               +--------+--------+--------+--------+--------+-----+--------+
         Total |  34215 |  31649 |   2566 |   5019 |  19423 |  33 | 1036.8 |
       Dungeon |  15455 |  14065 |   1390 |   2498 |   8599 |  15 | 1030.3 |
        Temple |    302 |    273 |     29 |      0 |    272 |   1 |  302.0 |
          Lair |   8282 |   7816 |    466 |   1769 |   4315 |   6 | 1380.3 |
        Shoals |   2496 |   2374 |    122 |    100 |   1665 |   4 |  624.0 |
   Spider Nest |   4725 |   4412 |    313 |    376 |   3231 |   4 | 1181.2 |
  Orcish Mines |   2116 |   1871 |    245 |    211 |    939 |   2 | 1058.0 |
      Ice Cave |    837 |    837 |      0 |     65 |    401 |   1 |  837.0 |
               +--------+--------+--------+--------+--------+-----+--------+

Top non-repeatable levels by time:
  Lair:6: 1865 daAuts
  Lair:2: 1836 daAuts
     D:8: 1671 daAuts
    D:14: 1605 daAuts
Spider:4: 1486 daAuts
  Lair:1: 1398 daAuts
Spider:2: 1393 daAuts
  Lair:5: 1312 daAuts
   Orc:2: 1282 daAuts
    D:10: 1185 daAuts
     D:1: 1113 daAuts
    D:15: 1111 daAuts
    D:11: 1077 daAuts
    D:12: 1067 daAuts
Spider:1: 1013 daAuts
